 Dungeon Crawl Stone Soup version 0.29-a0-993-g4a18f31a58 (webtiles) character file.

Game seed: 7225853004525433311

37 vurker the Sneak (level 3, 18/18 HPs)
             Began as a Vine Stalker Enchanter on Aug 2, 2022.
             Was a Follower of Vehumet.
             Quit the game on level 1 of the Dungeon.
             The game lasted 00:01:11 (902 turns).

vurker the Sneak (Vine Stalker Enchanter)            Turns: 902, Time: 00:01:11

Health: 18/18      AC:  2    Str: 12    XL:     3   Next: 39%
Magic:  7/7        EV: 12    Int: 15    God:    Vehumet [*.....]
Gold:   55         SH:  0    Dex: 14    Spells: 6/6 levels left

rFire   . . .      SeeInvis .   a - +2 dagger (protect)
rCold   . . .      Faith    .   (no shield)
rNeg    . . .      Spirit   +   b - +0 robe
rPois   .          Reflect  .   (no helmet)
rElec   .          Harm     .   (no cloak)
rCorr   +          Rampage  .   (no gloves)
Will    .....                   (no boots)
Stlth   ++........              (no amulet)
HPRegen 0.06/turn               g - ring of resist corrosion
MPRegen 0.10/turn               (no ring)

@: no status effects
A: fangs 2, magic shield, antimagic bite, no potion heal 2
a: Renounce Religion


You were on level 1 of the Dungeon.
You worshipped Vehumet.
Vehumet was aware of your devotion.
You visited 1 branch of the dungeon, and saw 1 of its levels.

You collected 55 gold pieces.

Inventory:

Hand Weapons
 a - a +2 dagger of protection (weapon)
   (You took it off a goblin on level 1 of the Dungeon)
Armour
 b - a +0 robe (worn)
Jewellery
 g - a ring of resist corrosion (left hand)
   (You found it on level 1 of the Dungeon)
Scrolls
 d - a scroll of summoning {unknown}
 f - 2 scrolls of identify {unknown}
 h - a scroll of enchant weapon {unknown}
 i - a scroll of silence {unknown}
Potions
 c - 2 potions of invisibility
 e - a potion of curing {unknown}
 j - a potion of berserk rage {unknown}


   Skills:
 + Level 1.3 Fighting
 - Level 0.8 Short Blades
 - Level 1.5 Dodging
 - Level 3.6 Stealth
 * Level 2.3 Unarmed Combat
 - Level 2.1 Spellcasting
 - Level 3.0 Hexes


You had 6 spell levels left.
You didn't know any spells.
Your spell library contained the following spells:

 Spells                   Type           Power      Damage    Failure   Level
 Magic Dart               Conj           4%         1d3       22%         1
 Ensorcelled Hibernation  Hex/Ice        12%        N/A       19%         2
 Confusing Touch          Hex            10%        N/A       19%         3
 Tukima's Dance           Hex            10%        N/A       19%         3
 Dazzling Flash           Conj/Hex       12%        N/A       34%         3


Dungeon Overview and Level Annotations

Branches:
Dungeon (1/15)

Altars:
Vehumet


Innate Abilities, Weirdness & Mutations

You have extremely sharp teeth.
When hurt, damage is shared between your health and your magic reserves.
Your bite disrupts and absorbs the magic of your enemies.
Potions cannot restore your health.


Message History

You kill the jackal!
The jackal bites you.
* * * LOW HITPOINT WARNING * * *
The kobold closely misses you.
You closely miss the kobold.
The jackal bites you but does no damage.
You hit the kobold. Your bite misses the kobold. The jackal barely misses you.
The kobold hits you but does no damage. The jackal barely misses you.
You barely miss the kobold. The kobold hits you but does no damage.
The jackal bites you.
* * * LOW HITPOINT WARNING * * *
You closely miss the kobold. Your bite misses the kobold.
The kobold hits you with a +0 whip.
* * * LOW HITPOINT WARNING * * *
The jackal bites you but does no damage.
You hit the kobold.
You kill the kobold!
The jackal bites you but does no damage. x2
You closely miss the jackal. Your bite misses the jackal.
The jackal closely misses you.
You hit the jackal. Your bite misses the jackal.
The jackal bites you but does no damage. x2
You closely miss the jackal. Your bite misses the jackal.
The jackal misses you.
You hit the jackal but do no damage. The jackal closely misses you.
You barely miss the jackal. The jackal barely misses you.
You barely miss the jackal. You bite the jackal.
You kill the jackal!
Found a scroll labelled ADACIE INEEL.
The great orb of eyes pulsates ominously.
Key pressed, stopping explore.
The great orb of eyes pulsates ominously.
The great orb of eyes pulsates ominously.
Found a bubbling pink potion.
Found a faded altar of an unknown god.
Things that are here:
a +0 whip; 3 stones
f - 2 scrolls labelled WAFINAZELA (gained 1)
The shining eye turns its gaze towards you.
h - a scroll labelled OTEIHA OLUDGH The great orb of eyes turns its gaze towards you.
i - a scroll labelled ADACIE INEEL The great orb of eyes pulsates ominously.
j - a bubbling pink potion
There is a faded altar of an unknown god here.
You cannot tell which god this altar belongs to.
Convert to them anyway?
Vehumet accepts your prayer! Vehumet welcomes you!
You can now gain magical power from killing.
Vehumet offers you knowledge of Magic Dart.

######## ...... #
###...### #.#G#...#G#..#
#.###...###..#
#............#
#.....@......##########
#......................
#..###...###.##.########
#..#G#...#G#.##.# #
#..###...###..#.# #
#........†....#.########
#...##...)......÷....)..
##. ##########.########
# #.#


You could see 2 great orbs of eyes and 2 shining eyes.

Vanquished Creatures
  A gnoll (D:1)
  A dart slug (D:1)
  3 bats (D:1)
  4 goblins (D:1)
  A hobgoblin (D:1)
  3 jackals (D:1)
  5 kobolds (D:1)
  A quokka (D:1)
  2 ball pythons (D:1)
  A frilled lizard (D:1)
22 creatures vanquished.

Notes
Turn   | Place    | Note
-------+----------+-------------------------------------------
     0 | D:1      | vurker the Vine Stalker Enchanter began the quest for the
                  | Orb.
     0 | D:1      | Reached XP level 1. HP: 9/9 MP: 4/4
   122 | D:1      | Reached skill level 1 in Unarmed Combat
   188 | D:1      | Reached XP level 2. HP: 13/14 MP: 4/6
   305 | D:1      | Reached skill level 1 in Fighting
   492 | D:1      | Reached XP level 3. HP: 18/18 MP: 7/7
   676 | D:1      | Noticed a great orb of eyes
   884 | D:1      | Found a faded altar of an unknown god.
   887 | D:1      | Noticed a shining eye
   888 | D:1      | Noticed a shining eye
   888 | D:1      | Noticed a great orb of eyes
   901 | D:1      | Prayed at the altar of an unknown god.
   901 | D:1      | Became a worshipper of Vehumet
   901 | D:1      | Reached * piety under Vehumet
   901 | D:1      | Offered knowledge of Magic Dart by Vehumet.
   902 | D:1      | Quit the game

Illustrated notes

Levels and vault maps discovered:
D:1:      ebering_hopf_link, layout_loops_ring,
          hellmonk_ecumenical_altar_watching_god

Skill      XL: |  1  2 |
---------------+-------+-----
Unarmed Combat | 1 2 |  2.3
Fighting       | 1 |  1.3
Short Blades   | |  0.8
Dodging        | |  1.5
Stealth        | |  3.6
Spellcasting   | |  2.1
Hexes          | |  3.0

Action                   || total
-------------------------++-------
Melee: Dagger            ||    92
       Bite              ||    18
       Punch             ||     2
 Stab: Sleeping          ||     2
Armor: Robe              ||    33
Dodge: Dodged            ||    64

Table legend: (Time is in decaauts)
 A = Elapsed time spent in this place.
 B = Non-inter-level travel time spent in this place.
 C = Inter-level travel time spent in this place.
 D = Time resting spent in this place.
 E = Time spent auto-exploring this place.
 F = Levels seen in this place.
 G = Mean time per level.
                   A        B        C        D        E       F      G
               +--------+--------+--------+--------+--------+-----+--------+
         Total |    897 |    897 |      0 |      0 |    713 |   1 |  897.0 |
       Dungeon |    897 |    897 |      0 |      0 |    713 |   1 |  897.0 |
               +--------+--------+--------+--------+--------+-----+--------+

Top non-repeatable levels by time:
     D:1: 897 daAuts
